Cogmind - Beta 11.1 @@@ ROGUE MODE // 2022.09.19 @ 04:27:24 Player: deadnoob Result: Destroyed by as-19221 with Assembled Focal Cannon Performance ------------- Evolutions (1) 500 Regions Visited (6) 1200 Robots Destroyed (24) 120 Value Destroyed (576) 576 Prototype IDs (6) 120 Alien Tech Used (0) 0 Bonus (1867) 1867 TOTAL SCORE: 4383 Bonus ------- Follower Combat Kills 67 Met Imprinter 300 Destroyed Z-Imprinter 1000 Exposed GOLEM Chamber 500 Cogmind --------- Core Integrity 0/400 Matter 176/300 Energy 36/125 System Corruption 0% Temperature Cool (18) Movement Hovering (121) Ox1 Location -7/Deep Caves Parts ------- > --- POWER (1) -------- Light Ion Engine > --- PROPULSION (3) --- Hover Unit Zionite Glidesys I > --- UTILITY (3) ------ Zionite Weapon Casing Zionite Weapon Casing Makeshift Hacking Suite > --- WEAPON (2) ------- RU-N14's Throwing Claymores RU-N14's Throwing Claymores > --- INVENTORY (5) ---- Light Ion Engine Zionite Light DM Reactor Grenade Launcher RU-N14's Throwing Claymores (10) CR-A16's Pointy Stick Peak State ------------ > --- POWER ------------ Light Ion Engine > --- PROPULSION ------- Hover Unit Hover Unit Zionite Glidesys I > --- UTILITY ---------- Zionite Weapon Casing Zionite Weapon Casing Makeshift Hacking Suite > --- WEAPON ----------- RU-N14's Throwing Claymores RU-N14's Throwing Claymores > --- INVENTORY -------- Light Ion Engine Zionite Light DM Reactor Grenade Launcher RU-N14's Throwing Claymores CR-A16's Pointy Stick [Rating: 41] Favorites ----------- Power Ion Engine Engine Ion Engine Power Core Light Nuclear Core Reactor Zionite Light DM Reactor Propulsion Aluminum Leg Leg Aluminum Leg Hover Unit Hover Unit Flight Unit Improved Flight Unit Utility Large Storage Unit Device High-powered Tractor Beam Storage Large Storage Unit Hackware Makeshift Hacking Suite Protection Improved Weapon Shielding Weapon Assault Rifle Energy Gun EM Pulse Gun Ballistic Gun Assault Rifle Launcher Grenade Launcher Special Weapon RU-N14's Throwing Claymores Slashing Weapon Ripper Piercing Weapon CR-A16's Pointy Stick Build | -11 -10 -10 -9 -9 -7 -7 ------- Run | Scr Mat Min Mat Min Zio Dee Slots Evolved 2 | . . . 2 . . . Power . | . . . . . . . Propulsion 1 | . . . 1 . . . Utility 1 | . . . 1 . . . Weapon . | . . . . . . . Parts Attached 51 | 2 7 8 9 1 5 19 Power 3 | . . . . . . 3 Engine 1 | . . . . . . 1 Core 1 | . . . . . . 1 Reactor 1 | . . . . . . 1 Propulsion 14 | . 2 . 5 1 . 6 Treads . | . . . . . . . Leg 9 | . 2 . 4 1 . 2 Wheel . | . . . . . . . Hover 4 | . . . . . . 4 Flight 1 | . . . 1 . . . Utility 16 | . 2 3 4 . 1 6 Device 7 | . 1 . 4 . 1 1 Storage 5 | . 1 3 . . . 1 Processor . | . . . . . . . Hackware 1 | . . . . . . 1 Protection 3 | . . . . . . 3 Artifact . | . . . . . . . Weapon 18 | 2 3 5 . . 4 4 Energy Gun . | . . . . . . . Energy Cannon . | . . . . . . . Ballistic Gun 6 | 2 1 3 . . . . Ballistic Cannon . | . . . . . . . Launcher 3 | . 2 1 . . . . Special Weapon 5 | . . . . . 2 3 Impact Weapon . | . . . . . . . Slashing Weapon 1 | . . 1 . . . . Piercing Weapon 3 | . . . . . 2 1 Special Melee Weapon . | . . . . . . . Unidentified Prototypes 6 | . . . 1 . 2 3 Parts Lost 10 | . . . 1 . . 9 Power 2 | . . . . . . 2 Propulsion 6 | . . . . . . 6 Utility 2 | . . . 1 . . 1 Weapon . | . . . . . . . Highest Loss Streak 5 | . . . 1 . . 5 To Critical Strikes . | . . . . . . . Average Slot Usage (%) 93 | . 99 100 98 100 90 80 Engine 11 | . 14 14 11 11 11 4 Leg 29 | . 27 28 32 33 33 21 Device 12 | . 13 14 21 22 12 1 Storage 11 | . 14 14 11 11 11 9 Protection 1 | . . . . . . 8 Ballistic Gun 16 | . 28 22 22 22 12 2 Special Weapon 1 | . . . . . . 9 Piercing Weapon 4 | . . . . . 8 8 Naked Turns . | . . . . . . . Heaviest Build 110 | 14 20 90 35 31 65 110 Greatest Support 32 | 20 20 20 32 32 32 32 Greatest Overweight (x) 13 | . . 4 1 1 2 13 Average Overweight (x) . | . . 1 . . . . Largest Inventory Capacity 25 | 8 10 25 15 15 15 25 Average Capacity 13 | 8 9 14 15 15 15 13 Most Carried 17 | 6 10 15 15 15 15 17 Average Carried 13 | 6 9 13 14 15 14 11 Final Capacity 15 | 8 10 15 15 15 15 5 Final Carried 15 | 6 10 15 15 15 15 5 Class Distribution -------------------- 97% | Mutant Dominant Class ---------------- Mutant | -10/Materials Mutant | -10/Mines Mutant | -9/Materials Mutant | -9/Mines Mutant | -7/Zion Mutant | -7/Deep Caves Resources | -11 -10 -10 -9 -9 -7 -7 ----------- Run | Scr Mat Min Mat Min Zio Dee Matter Collected 1014 | 256 166 207 53 . 87 245 Remotely 373 | . 166 207 . . . . Salvage Created 880 | 93 314 210 . . . 263 Parts 50 | 2 20 9 . . . 19 Haulers Intercepted . | . . . . . . . Recyclers Shooed 3 | . 1 2 . . . . Parts Field Recycled . | . . . . . . . Retrieved Matter . | . . . . . . . Parts Self-Destructed . | . . . . . . . Prevented . | . . . . . . . Kills | -11 -10 -10 -9 -9 -7 -7 ------- Run | Scr Mat Min Mat Min Zio Dee Combat Hostiles Destroyed 22 | . 10 3 . . . 9 Melee 2 | . . . . . . 2 Guns 6 | . 6 . . . . . Cannons 1 | . . . . . . 1 AOE 13 | . 4 3 . . . 6 Classes Destroyed 8 | 2 3 . . . . 3 Worker 2 | . 2 . . . . . Tunneler 1 | 1 . . . . . . Recycler 3 | 1 . 2 . . . . Swarmer 5 | . 3 2 . . . . Grunt 8 | . 7 1 . . . . Z-Technician 5 | . . . . . . 5 Z-Light 4 | . . . . . . 4 Assembled 4 | . . . . . . 4 Best Kill Streak 7 | 2 7 2 . . . 4 Combat Bots Only 5 | . 5 2 . . . 3 Max Kills in Single Turn 3 | 1 3 2 . . . 3 Gunslinging . | . . . . . . . Exploded 2 | . 2 2 . . . 2 Melee 1 | . . . . . . 1 Uniques/NPCs Destroyed 1 | . . . . . . 1 Z-Imprinter (-7/Deep Caves) Combat | -11 -10 -10 -9 -9 -7 -7 -------- Run | Scr Mat Min Mat Min Zio Dee Damage Taken 1744 | . 270 175 118 . . 1181 Core 523 | . 73 18 14 . . 418 Absorbed by Shields . | . . . . . . . Redirected to Shielding 175 | . . . . . . 175 Regen/Repaired (Parts) 48 | . 48 . . . . . Core Remaining (%) 81 | 100 . 63 . . . . Volleys Fired 66 | 9 23 14 4 . 1 15 Largest 2 | 2 2 2 2 . 1 2 Hottest 40 | 40 40 40 40 . . . Shots Fired 111 | 18 44 20 8 . 1 20 Gun 80 | 18 42 12 8 . . . Cannon . | . . . . . . . Launcher 10 | . 2 8 . . . . Special 21 | . . . . . 1 20 Kinetic 80 | 18 42 12 8 . . . Thermal . | . . . . . . . Explosive 31 | . 2 8 . . 1 20 Electromagnetic . | . . . . . . . Robot Hit Streak 7 | 4 7 6 2 . . 4 Robot Miss Streak 6 | 5 1 1 4 . . 6 Penetration Max . | . . . . . . . Secondary Targets . | . . . . . . . Shots Hit Robots 62 | 10 28 7 2 . . 15 Core Hits 51 | 3 21 9 . . . 18 Critical Kills . | . . . . . . . Critical Parts Destroyed 1 | . 1 . . . . . Critical Strikes 3 | . 1 . . . . 2 Destroy 1 | . 1 . . . . . Sever 1 | . . . . . . 1 Impale 1 | . . . . . . 1 Melee Attacks 109 | . . . . . 92 17 Impact . | . . . . . . . Slashing . | . . . . . . . Piercing 109 | . . . . . 92 17 Sneak Attacks 6 | . . . . . . 6 Combat Hostiles . | . . . . . . . Follow-up Attacks . | . . . . . . . Damage Inflicted 3566 | 127 615 576 30 . . 2218 Guns 536 | 127 299 87 23 . . . Cannons . | . . . . . . . Explosions 2224 | . 294 474 . . . 1456 Melee 536 | . . . . . . 536 Ramming 44 | . 22 15 7 . . . Kinetic 536 | 127 299 87 23 . . . Thermal . | . . . . . . . Explosive 2224 | . 294 474 . . . 1456 Electromagnetic . | . . . . . . . Impact . | . . . . . . . Slashing 226 | . . . . . . 226 Piercing 536 | . . . . . . 536 Highest Corruption . | . . . . . . . Average Corruption . | . . . . . . . Corruption Purged . | . . . . . . . Corruption Blocked . | . . . . . . . Overload Shots . | . . . . . . . Overflow Damage 252 | . . 29 . . . 223 Projectiles . | . . . . . . . Explosions 120 | . . 29 . . . 91 Melee 132 | . . . . . . 132 Knockbacks 1 | . 1 . . . . . Impact 1 | . 1 . . . . . Kinetic . | . . . . . . . Secondary . | . . . . . . . Self-Inflicted Damage . | . . . . . . . Shots . | . . . . . . . Rammed . | . . . . . . . Targets Rammed 11 | . 7 2 2 . . . Kicked 11 | . 7 2 2 . . . Crushed . | . . . . . . . Highest Temperature 16 | . 16 9 . . . . Average Temperature 8 | . 8 8 . . . . Received Heat Transfer 513 | . 159 81 36 . . 237 Siege Activations . | . . . . . . . Robots Corrupted . | . . . . . . . Combat Hostiles . | . . . . . . . Parts Fried . | . . . . . . . Impact Corruptions . | . . . . . . . Robots Melted . | . . . . . . . Combat Hostiles . | . . . . . . . Parts Melted . | . . . . . . . Heat Transferred . | . . . . . . . Parts Sabotaged . | . . . . . . . Parts Stolen . | . . . . . . . Parts Stripped . | . . . . . . . Power Chain Reactions . | . . . . . . . Missiles Intercepted . | . . . . . . . Alert | -11 -10 -10 -9 -9 -7 -7 ------- Run | Scr Mat Min Mat Min Zio Dee Peak Influence 396 | 10 355 396 67 . . . Initial 73 | . 6 73 . . . . Average 152 | 3 228 174 19 . . . Maximum Alert Level 1 | . 1 1 . . . . Low Security (%) 65 | 100 26 71 100 100 . . Level 1 34 | . 73 28 . . . . Level 2 . | . . . . . . . Level 3 . | . . . . . . . Level 4 . | . . . . . . . Level 5 . | . . . . . . . High Security . | . . . . . . . Max Security . | . . . . . . . Squads Dispatched 7 | . 5 1 1 . . . Investigation 6 | . 4 1 1 . . . Extermination . | . . . . . . . Reinforcement 1 | . 1 . . . . . Assault . | . . . . . . . Garrison . | . . . . . . . Intercept . | . . . . . . . Searches Triggered . | . . . . . . . Construction Impeded . | . . . . . . . Haulers Reinforced . | . . . . . . . Active Scanning Responses . | . . . . . . . Cargo Convoy Interrupts . | . . . . . . . Stealth | -11 -10 -10 -9 -9 -7 -7 --------- Run | Scr Mat Min Mat Min Zio Dee Distress Signals . | . . . . . . . Communications Jammed . | . . . . . . . Distress Signals . | . . . . . . . Times Spotted 49 | . 24 6 6 . . 13 Peak Tracking Total 5 | . 5 3 2 . . 4 Tactical Retreats 11 | . 4 2 . . . 5 Traps | -11 -10 -10 -9 -9 -7 -7 ------- Run | Scr Mat Min Mat Min Zio Dee Traps Triggered 2 | . 2 . . . . . Indirectly . | . . . . . . . Trap Hack Attempts . | . . . . . . . Triggered . | . . . . . . . Disarmed . | . . . . . . . Reprogrammed . | . . . . . . . Reused 1 | . . . . . . 1 Traps Extracted . | . . . . . . . Installed 4 | . . . . . . 4 Triggered . | . . . . . . . Fabricated Traps 4 | . . . . . . 4 Most Traps Carried 2 | . . . . . . 2 Machines | -11 -10 -10 -9 -9 -7 -7 ---------- Run | Scr Mat Min Mat Min Zio Dee Machines Disabled 1 | . . . . . . 1 Max in Single Turn 1 | . . . . . . 1 Machines Sabotaged . | . . . . . . . Garrisons Compromised . | . . . . . . . Overloaded Fab Kills . | . . . . . . . Hacking | -11 -10 -10 -9 -9 -7 -7 --------- Run | Scr Mat Min Mat Min Zio Dee Machines Accessed 9 | . 6 1 2 . . . Terminals 5 | . 4 . 1 . . . Fabricators . | . . . . . . . Repair Stations 1 | . 1 . . . . . Recycling Units 1 | . 1 . . . . . Scanalyzers 1 | . . . 1 . . . Garrison Access . | . . . . . . . Total Hacks 23 | . 17 1 5 . . . Successful 14 | . 10 1 3 . . . Failed 9 | . 7 . 2 . . . Catastrophic . | . . . . . . . Database Lockouts . | . . . . . . . Manual 8 | . 6 . 2 . . . Terminals 15 | . 13 . 2 . . . Fabricators . | . . . . . . . Repair Stations 3 | . 3 . . . . . Recycling Units 1 | . 1 . . . . . Scanalyzers 3 | . . . 3 . . . Garrison Access . | . . . . . . . Terminal Hacks 6 | . 5 1 . . . . Record 1 | . 1 . . . . . Robot Analysis 2 | . 2 . . . . . Open Door 1 | . . 1 . . . . Locate Traps 1 | . 1 . . . . . Recall Investigation 1 | . 1 . . . . . Fabricator Hacks . | . . . . . . . Repair Station Hacks 2 | . 2 . . . . . Scan Component 1 | . 1 . . . . . Repair 1 | . 1 . . . . . Recycling Unit Hacks . | . . . . . . . Scanalyzer 2 | . . . 2 . . . Insert Component 1 | . . . 1 . . . Analyze 1 | . . . 1 . . . Garrison Access Hacks . | . . . . . . . Unauthorized Hacks 4 | . 3 . 1 . . . Terminals 3 | . 2 . 1 . . . Track 1 | . 1 . . . . . Botnet 2 | . 1 . 1 . . . Fabricators . | . . . . . . . Repair Stations . | . . . . . . . Recycling Units 1 | . 1 . . . . . Tunnel 1 | . 1 . . . . . Scanalyzers . | . . . . . . . Garrison Access . | . . . . . . . Data Cores Recovered . | . . . . . . . Used . | . . . . . . . Hacking Detections 7 | . 5 . 2 . . . Full Trace Events 3 | . 2 . 1 . . . Feedback Events . | . . . . . . . Feedback Blocked . | . . . . . . . Robot Schematics Acquired 3 | . . . . . 3 . Robots Built . | . . . . . . . Authchips . | . . . . . . . Time . | . . . . . . . Total Robot Build Rating . | . . . . . . . Part Schematics Acquired 17 | . . . 1 . 16 . Parts Built . | . . . . . . . Authchips . | . . . . . . . Time . | . . . . . . . Total Part Build Rating . | . . . . . . . Parts Repaired 1 | . 1 . . . . . Time 26 | . 26 . . . . . Parts Recycled . | . . . . . . . Recycled Matter . | . . . . . . . Retrieved Matter . | . . . . . . . Retrieved Components . | . . . . . . . Parts Scanalyzed 1 | . . . 1 . . . Part Schematics Acquired 1 | . . . 1 . . . Parts Damaged . | . . . . . . . Bothacking | -11 -10 -10 -9 -9 -7 -7 ------------ Run | Scr Mat Min Mat Min Zio Dee Used RIF Installer . | . . . . . . . Robots Hacked . | . . . . . . . Non-combat . | . . . . . . . Combat . | . . . . . . . Robot Hacks Applied . | . . . . . . . Relay Couplers Released . | . . . . . . . Fabnet Peak Effective % . | . . . . . . . Robots Rewired . | . . . . . . . Allies Hacked . | . . . . . . . Hacks Repelled . | . . . . . . . Allies | -11 -10 -10 -9 -9 -7 -7 -------- Run | Scr Mat Min Mat Min Zio Dee Total Allies 2 | . . 2 . . . . Largest Group 2 | . . 2 2 2 2 . Highest-Rated Group 43 | . . 43 43 43 43 . Highest-Rated Ally 31 | . . 31 31 31 31 . Total Orders . | . . . . . . . Ally Attacks 22 | . . 12 10 . . . Total Damage 229 | . . 144 85 . . . Kills 4 | . . 2 2 . . . Allies Corrupted . | . . . . . . . Allies Melted . | . . . . . . . Intel | -11 -10 -10 -9 -9 -7 -7 ------- Run | Scr Mat Min Mat Min Zio Dee Robot Analysis Total 2 | . 2 . . . . . Derelict Logs Recovered 4 | . . 2 . . 2 . Drone Launches . | . . . . . . . Drone Recoveries . | . . . . . . . Exploration | -11 -10 -10 -9 -9 -7 -7 ------------- Run | Scr Mat Min Mat Min Zio Dee Turns Passed 5709 | 75 810 1352 498 96 1971 907 Spaces Moved 2984 | 40 545 665 253 70 992 419 Core 9 | . . . . . . 9 Treads . | . . . . . . . Legs 2785 | 40 545 665 253 70 992 220 Wheels . | . . . . . . . Hover 190 | . . . . . . 190 Flight . | . . . . . . . Fastest Speed 52 | 120 120 120 110 110 110 52 Average Speed 161 | 120 120 193 183 113 168 144 Slowest Speed 700 | 120 120 400 190 190 262 700 Overloaded Moves . | . . . . . . . Propulsion Burnouts . | . . . . . . . Robots Hopped . | . . . . . . . Cave-ins Triggered . | . . . . . . . Exploration Rate (%) 53 | 3 76 97 26 25 87 63 Regions Visited 6 Branch Regions 4 Pre-discovered Areas 3 | . 1 . . . 2 . Known Exits Taken 3 | . . 1 1 . 1 . Unknown Exits Taken 3 | 1 1 . . 1 . . Scrap Searched 5 | . . 1 . . 4 . Spaces Dug 45 | . 15 . . . 1 29 Terrain Destroyed 277 | . 15 74 . . 4 184 Melee 1 | . . . . . 1 . Projectile 8 | . . . . . . 8 AOE 268 | . 15 74 . . 3 176 Terrain Rammed . | . . . . . . . Walls Destroyed . | . . . . . . . Machines Disabled . | . . . . . . . Actions | -11 -10 -10 -9 -9 -7 -7 --------- Run | Scr Mat Min Mat Min Zio Dee Total 3564 | 50 663 707 277 86 1112 669 Wait 264 | . 62 7 3 16 . 176 Move 2978 | 39 544 664 252 69 991 419 Hop . | . . . . . . . Pick Up 40 | . 11 8 2 . 11 8 Fast Attach 14 | . 2 . 4 . . 8 Attach 10 | . . . 2 . 1 7 Detach 1 | . . . 1 . . . Swap 27 | 2 5 8 3 1 4 4 Drop 40 | . 9 4 4 . 12 11 Fire 66 | 9 23 14 4 . 1 15 Melee 109 | . . . . . 92 17 Ram . | . . . . . . . Kick 11 | . 7 2 2 . . . Crush . | . . . . . . . Escape Stasis . | . . . . . . . Rewire . | . . . . . . . Trap 4 | . . . . . . 4 Miscellaneous . | . . . . . . . Route ------- -11/Scrapyard -10/Materials (discovered 2 exits: *Mat / *Min) -10/Mines (discovered 2 exits: *Mat x2) -9/Materials (discovered 2 exits: *Mat / *Min) -9/Mines -7/Zion (discovered 2 exits: *Dee / [*Pro]) -7/Deep Caves History --------- Turn | Location | Event 3 | -11/Scrapyard | Discovered new exit (range 2) 76 | -11/Scrapyard | Entered Materials 255 | -10/Materials | Discovered new exit (range 12) 325 | -10/Materials | Build established: Mutant 411 | -10/Materials | Repaired Aluminum Leg 865 | -10/Materials | Discovered new exit (range 16) 886 | -10/Materials | Entered Mines 957 | -10/Mines | Discovered new exit (range 5) 986 | -10/Mines | Learned 8 Materials zone layouts 1390 | -10/Mines | Identified exit to Materials 1419 | -10/Mines | A weapon hastily lodged in a ceiling crevice suddenly fell to the ground 1783 | -10/Mines | Met a Derelict shopkeep closing up shop 2238 | -10/Mines | Entered Materials 2238 | -9/Materials | Accompanied by 2 allies 2238 | -9/Materials | Evolved 2 slots: Propulsion x1, Utility x1 2239 | -9/Materials | Identified exit to Materials 2239 | -9/Materials | Identified exit to Mines 2253 | -9/Materials | Led the pair of lost Derelicts to an unsafe place 2736 | -9/Materials | Entered Mines 2736 | -9/Mines | Accompanied by 2 allies 2812 | -9/Mines | A Derelict revealed a hidden shortcut to a safe place 2832 | -9/Mines | Entered Zion 2832 | -7/Zion | Accompanied by 2 allies 2876 | -7/Zion | Discovered new exit (range 9) 2882 | -7/Zion | Led the pair of lost Derelicts to a safe place 2927 | -7/Zion | Found CR-A16's Pointy Stick 2978 | -7/Zion | Found Prototype Special Weapon 2980 | -7/Zion | Found Prototype Special Weapon 2983 | -7/Zion | Found Prototype Special Weapon 2985 | -7/Zion | Found Prototype Special Weapon 3041 | -7/Zion | Identified RU-N14's Throwing Claymores (x4) 3071 | -7/Zion | Identified exit to Deep Caves 3107 | -7/Zion | Learned location of Warlord (-4) 3140 | -7/Zion | Learned location of 1 exit from Factory 3175 | -7/Zion | Found Prototype Device 3177 | -7/Zion | Identified Bomb Factory No. 2 3507 | -7/Zion | Learned location of Quarantine (-2) 3864 | -7/Zion | Given the Hacking Drone Bay 4009 | -7/Zion | Learned Factory security intel 4803 | -7/Zion | Entered Deep Caves 5217 | -7/Deep Caves | Attacked by Z-Imprinter 5223 | -7/Deep Caves | Destroyed Z-Imprinter 5478 | -7/Deep Caves | Core integrity fell below 50% 5499 | -7/Deep Caves | Core integrity fell below 20% 5533 | -7/Deep Caves | Lost 5 parts (1p3n1u) 5569 | -7/Deep Caves | Found Prototype Protection 5569 | -7/Deep Caves | Identified Zio. Weapon Casing 5585 | -7/Deep Caves | Found Zio. Weapon Casing 5699 | -7/Deep Caves | Spotted as-19221 5709 | -7/Deep Caves | Exposed GOLEM chamber 5710 | -7/Deep Caves | Destroyed by as-19221 with Assembled Focal Cannon Last Messages --------------- 05505_ Acquired 40 matter. 05532_ The unstable cave ceiling collapses. 05549_ Acquired Prototype Reactor. 05549_ Identified Zio. Light DM Reactor. 05558_ Acquired Prototype Hover Unit. 05558_ Identified Zio. Glidesys I. 05559_ Acquired 45 matter. 05561_ Acquired 47 matter. 05563_ Dropped Zio. Light DM Reactor. 05569_ Acquired Prototype Protection. 05569_ Identified Zio. Weapon Casing. 05584_ Dropped Lrg. Storage Unit. 05585_ Acquired Zio. Weapon Casing. 05615_ Acquired Hover Unit. 05626_ Dropped Hover Unit. 05646_ Dropped Particle Charger. 05647_ Acquired RU-N14's Throwing Claymores. 05648_ Dropped Ripper. 05651_ Acquired Zio. Light DM Reactor. 05707_ Hover Unit destroyed. Map ----- +----------------------------------------------------+ | ????????????????????????????????????????????????? | | ????????????????????????????????????????????????? | | ????????????????????????????????????????????????? | | ????????????????????????????????????????????????? | | ????????????????????????????????????????????????? | | ????????????????????????????????????????????????? | | ????????????????????????????????????????????????? | | ????????????????????????????????????????????????# | | ???????????????????????????????????????????????## | | ??????????????????????????????????????????###### | | ?????????????????????????#??????????????? | | ???????????????????? ??? ?????????????? | | ????????????????? #?# #????????????? | | ??????????????? * # ?????????????# | | ????????????? ##???????????## | | ???????????? g #???????????? | | ???????????? * g ??????????? | | ??????????? * #??????????? | | ??????????? ##?????????????# | | ?????????? l = == #??????????????????# | | ?????????? = #??????????????????## | | ?????????? === #???????????????????# | | ????????? l #???????????????????? | | ?????????"s = #???????????????????? | | ?????????" = #???????????????????? | | ?????????" ! @ #???????????????????? | | ?????????" = ! ##??????????????????# | | ?????????" s #?????????????????## | | ????????# = * l #????????????????## | | ????????? h = #??????????????### | | ????????? ################ | | ????????? * | | ????????""" = | | ????????" * = # # | | ?????????" #################### | | ????????" g M #??????????????????? | | ?????????" ##??????????????????? | | ????????" # # #???????????????????? | | ????????" #### ## ## ##???????????????????? | | ????????""" ##???# ?# ####????????????????????? | | ???????????????????##?# ????????????????????????? | | ???????????????????????#????????????????????????? | | | | | | | | | | | | | | | | | +----------------------------------------------------+ Best States ------------- Heat Dissipation 38 Energy Generation 27 Energy Capacity 250 Matter Stores 300 Matter Capacity 300 Sight Range 16 Robot Scan Range 15 Terrain Scan Density 10 Weapon Shielding 100 Evasion (%) 55 Offensive Hacking 11 Item Schematics ----------------- Imp. Sensor Array | -9/Materials | Scanalyzed Angular Momentum Engine | -7/Zion | Archive Coolant Injector | -7/Zion | Archive Mak. Hover Unit | -7/Zion | Archive Launcher Guidance Computer | -7/Zion | Archive Adv. Terrain Scanner | -7/Zion | Archive Med. Reactive Plating | -7/Zion | Archive Flexi-carbon Leg | -7/Zion | Archive Med. Treads | -7/Zion | Archive Adv. System Restoration Module | -7/Zion | Archive Mass Driver | -7/Zion | Archive Imp. Salvage Targeting Computer | -7/Zion | Archive HERF Cannon | -7/Zion | Archive 0b10 Decoder Chip [Looter] | -7/Zion | Archive Gauss Cannon | -7/Zion | Archive Mak. Salvage Targeting Computer | -7/Zion | Archive Focal Shield | -7/Zion | Archive Robot Schematics ------------------ A-02 Transporter | -7/Zion | Archive L-41 Fighter | -7/Zion | Archive G-47 Trooper | -7/Zion | Archive Fabricated ------------ Nothing Alien Tech Used ----------------- None Achievements -------------- None Challenges ------------ None Game ------ Seed NetworkSeismicBeamcaster Manual? 0 Play Time 00:32:21 Cumulative 84.8 hours Start 2022.09.19 @ 03:54:08 End 2022.09.19 @ 04:27:24 Sessions 1 Manual Loads 0 Difficulty Rogue Special Mode None Game No. 116 Rogue 116 Adventurer 0 Explorer 0 Win Type - Total 1 Types 1/0/0/0/0/0/0/0/0 Lore% 60 Gallery% 61 Achievement% 49 Wizard Run 0 Options --------- ASCII 0 Keyboard 0 Movement Numpad Keybinds 0 Fullscreen 2 Font 18/SmallcapsGlow Map View 76x50 Tactical HUD 1 Map Filters NONE Filters NONE Steam 1 RUN: 576c17ea-85a6-407a-8568-037edc21d229